 Dungeon Sprint DCSS version 0.18.1-6-gd335043 (webtiles) character file.

2836 Hipnos the Imperceptible (level 9, -3/42 HPs)
             Began as a Spriggan Enchanter on May 15, 2016.
             Was an Initiate of Ashenzari.
             Slain by a mummy priest (23 damage)
             ... in the Dungeon (Sprint V: "Ziggurat Sprint").
             The game lasted 00:06:45 (827 turns).

Hipnos the Imperceptible (Spriggan Enchanter)        Turns: 827, Time: 00:06:46

Health: -3/42      AC:  3    Str:  4    XL:     9   Next: 45%
Magic:  21/21      EV: 27    Int: 18    God:    Ashenzari [......]
Gold:   0          SH: 12    Dex: 30    Spells: 3 memorised, 17 levels left

rFire  . . .     SeeInvis +     F - +9 dagger (curse)
rCold  . . .     Gourm    .     b - +1 robe
rNeg   . . .     Faith    .     G - +3 buckler (curse)
rPois  .         Spirit   .     (helmet restricted)
rElec  .         Dismiss  .     (no cloak)
rCorr  .         Reflect  .     (gloves unavailable)
SustAt .         Harm     .     (boots unavailable)
MR     +....     NoTele   +     (no amulet)
Stlth  +++++++++.               A - +6 ring of dexterity (curse)
                                y - +6 ring of dexterity (curse)

@: slowed, quick, somewhat resistant to hostile enchantments, incredibly
stealthy
A: unfitting armour, see invisible, herbivore 3, speed 3, slow metabolism 2
a: Curse Item, Renounce Religion


You were in the Dungeon.
You worshipped Ashenzari.
Ashenzari was noncommittal.
You were not hungry.

You visited 1 branch

Inventory:

Hand Weapons
 a - a +1 dagger
 F - a cursed +9 dagger (weapon)
Armour
 b - a +1 robe (worn)
 k - a +5 shadow dragon armour
 G - a cursed +3 buckler (worn)
Jewellery
 m - the ring of Vehumet's Reproof {rN+ Stlth-}
   (You found it in the Dungeon)

   [ring of loudness]

   It protects you from negative energy.
   It makes you less stealthy.
 o - an uncursed ring of ice
 y - a cursed +6 ring of dexterity (left hand)
 A - a cursed +6 ring of dexterity (right hand)
 B - a +6 ring of intelligence
 C - a +6 ring of intelligence
 D - a +6 ring of strength
 E - a +6 ring of strength
Scrolls
 j - 4 scrolls of blinking
 r - 4 scrolls of amnesia
 s - 3 scrolls of recharging
 t - 7 scrolls of fog
 v - 5 scrolls of identify
 w - a scroll of remove curse
 x - 2 scrolls of fear
Potions
 e - 10 potions of curing
 f - 9 potions of heal wounds
 g - 6 potions of haste
 h - 7 potions of magic
 i - 3 potions of berserk rage
 l - 2 potions of brilliance
 n - 4 potions of resistance
 p - 5 potions of agility
 q - 5 potions of might
Books
 c - a book of Maledictions

   Spells                             Type                      Level
   a - Corona                         Hexes                        1
   b - Ensorcelled Hibernation        Hexes/Ice                    2
   c - Confuse                        Hexes                        3
   d - Tukima's Dance                 Hexes                        3
   e - Dazzling Spray                 Conjuration/Hexes            3
 I - a Fen Folio

   Spells                             Type                      Level
   a - Corpse Rot                     Necromancy                   2
   b - Stone Arrow                    Conjuration/Earth            3
   c - Leda's Liquefaction            Hexes/Earth                  4
   d - Summon Forest                  Summoning/Translocation      5
   e - Hydra Form                     Transmutation                6
   f - Summon Hydra                   Summoning                    7
 J - a book of Alchemy

   Spells                             Type                      Level
   a - Sublimation of Blood           Necromancy                   2
   b - Ignite Poison                  Fire/Transmutation/Poison    3
   c - Petrify                        Transmutation/Earth          4
   d - Alistair's Intoxication        Transmutation/Poison         5
   e - Irradiate                      Conjuration/Transmutation    5
 K - a book of the Warp

   Spells                             Type                      Level
   a - Recall                         Summoning/Translocation      3
   b - Gell's Gravitas                Hexes/Translocation          3
   c - Force Lance                    Conjuration/Translocation    4
   d - Warp Weapon                    Charms/Translocation         5
   e - Summon Forest                  Summoning/Translocation      5
Miscellaneous
 H - a plain deck of defence
Comestibles
 d - 5 bread rations
 z - 42 fruits


   Skills:
 + Level 1.9 Fighting
 + Level 3.1 Short Blades
 * Level 5.1 Armour
 + Level 7.2 Dodging
 * Level 21.3 Stealth
 * Level 5.0 Shields
 + Level 7.8 Spellcasting
 + Level 11.1 Hexes
 + Level 2.7 Ice Magic


You had 17 spell levels left.
You knew the following spells:

 Your Spells              Type           Power        Failure   Level  Hunger
a - Corona                Hex            #####..      1%          1    None
b - Ensorcelled Hibernat  Hex/Ice        ####..       1%          2    None
c - Confuse               Hex            #####...     1%          3    #......


Dungeon Overview and Level Annotations

Branches:
Dungeon (1/1)

Altars:
Ashenzari
Cheibriados
Dithmenos
Elyvilon
Fedhas
Gozag
Kikubaaqudgha
Makhleb
Nemelex Xobeh
Okawaru
Pakellas
Qazlal
Ru
Sif Muna
Trog
Vehumet
Xom
Yredelemnul
Zin
The Shining One
Beogh
Jiyva
Lugonu


Innate Abilities, Weirdness & Mutations

You are tiny and cannot use many weapons and most armour.
You have supernaturally acute eyesight.
You are a herbivore.
You cover ground extremely quickly.
You need consume almost no food.


Message History

The mummy priest is lost in a daze.
Casting: Ensorcelled Hibernation
Confirm with . or Enter, or press ? or * to list all spells.
Aiming: Confuse
Press: ? - help, Shift-Dir - straight line, f - mummy priest
Aim: a mummy priest (severely damaged, dazed, chance to defeat MR: 3%)
Okay, then.
You completely miss the mummy priest.
The mummy priest is severely damaged.
The death scarab bites you but does no damage.
You hit the mummy priest but do no damage.
The mummy priest is severely damaged.
The death scarab waves its antennae.
You block the death scarab's attack. The death scarab closely misses you.
The death scarab bites you!!
Ouch! That really hurt!
The death scarab drains your vigour!
You feel yourself slow down. The mummy priest hits you!!
Ouch! That really hurt!
You die...

▓........▓........▓
▓.▓....▓.▓........▓
▓........▓........▓
▓▓▓▓▓▓▓▓▓▓▓▓▓▓▓▓▓▓▓
▓..8©8§§▓ ▓..)M"§§▓
▓..=MB§§▓ ▓...M§§.▓
▓...@B§.▓ ▓....B..▓
▓.......▓ ▓.......▓
▓.......▓ ▓▓▓▓▓▓▓▓▓


You could see a greater mummy (dazed), a mummy priest (dazed), a guardian mummy
(dazed) and 3 death scarabs.

Vanquished Creatures
  2 ironbrand convokers (D)
  A hornet (D)
  A yaktaur (D)
  An air elemental (D)
  4 insubstantial wisps (D)
  2 porcupines (D)
  2 black bears (D)
  3 necrophages (D)
  2 mummies (D)
  An adder skeleton (D)
  A bat skeleton (D)
  A jackal (D)
21 creatures vanquished.

Notes
Turn   | Place    | Note
--------------------------------------------------------------
     0 | D        | Hipnos the Spriggan Enchanter began the quest for the Orb.
     0 | D        | Reached XP level 1. HP: 9/9 MP: 5/5
     3 | D        | Found an iron altar of Okawaru.
     3 | D        | Found a radiant altar of Vehumet.
     3 | D        | Found a burning altar of Makhleb.
     3 | D        | Found a shimmering altar of Xom.
     3 | D        | Found a deep blue altar of Sif Muna.
     4 | D        | Found a bloodstained altar of Trog.
     5 | D        | Found a viscous altar of Jiyva.
     5 | D        | Found a roughly hewn altar of Beogh.
     5 | D        | Found a corrupted altar of Lugonu.
     5 | D        | Found a white marble altar of Elyvilon.
     5 | D        | Found a sparkling altar of Nemelex Xobeh.
    37 | D        | Became a worshipper of Ashenzari the Shackled
    62 | D        | Reached skill level 12 in Stealth
    62 | D        | Reached XP level 2. HP: 13/13 MP: 6/6
    67 | D        | Learned a level 2 spell: Ensorcelled Hibernation
    73 | D        | Entered arena 1.
    73 | D        | Noticed a black bear
    73 | D        | Noticed a black bear
    76 | D        | Killed a black bear
    76 | D        | Reached skill level 13 in Stealth
    76 | D        | Reached skill level 5 in Hexes
    76 | D        | Reached XP level 3. HP: 16/16 MP: 7/9
    76 | D        | Reached XP level 4. HP: 21/21 MP: 7/10
    77 | D        | Killed a black bear
    77 | D        | Reached skill level 15 in Stealth
    77 | D        | Reached XP level 5. HP: 24/24 MP: 7/12
   123 | D        | Learned a level 3 spell: Confuse
   124 | D        | Entered arena 2.
   124 | D        | Noticed a porcupine
   124 | D        | Noticed a porcupine
   134 | D        | Killed a porcupine
   134 | D        | Reached skill level 1 in Armour
   134 | D        | Reached skill level 5 in Dodging
   134 | D        | Reached skill level 1 in Shields
   134 | D        | Reached skill level 5 in Spellcasting
   134 | D        | Reached XP level 6. HP: 8/29 MP: 1/14
   137 | D        | Killed a porcupine
   137 | D        | Reached skill level 16 in Stealth
   137 | D        | Reached skill level 1 in Ice Magic
   466 | D        | Entered arena 3.
   466 | D        | Noticed a hornet
   466 | D        | Noticed a yaktaur
   466 | D        | Noticed an ironbrand convoker
   466 | D        | Noticed an ironbrand convoker
   471 | D        | Killed an ironbrand convoker
   471 | D        | Reached skill level 1 in Fighting
   471 | D        | Reached skill level 17 in Stealth
   471 | D        | Reached XP level 7. HP: 33/33 MP: 14/17
   473 | D        | Killed a yaktaur
   473 | D        | Reached skill level 18 in Stealth
   473 | D        | Reached skill level 10 in Hexes
   473 | D        | Reached XP level 8. HP: 37/37 MP: 14/18
   474 | D        | Killed a hornet
   474 | D        | Reached skill level 19 in Stealth
   475 | D        | Killed an ironbrand convoker
   483 | D        | Entered arena 4.
   487 | D        | Reached XP level 9. HP: 42/42 MP: 15/21
   490 | D        | Reached skill level 20 in Stealth
   521 | D        | Entered arena 5.
   530 | D        | Reached skill level 5 in Armour
   546 | D        | Reached skill level 21 in Stealth
   556 | D        | Reached skill level 5 in Shields
   561 | D        | Got the ring of Vehumet's Reproof {rN+ Stlth-}
   820 | D        | Entered arena 6.
   820 | D        | Noticed a guardian mummy
   820 | D        | Noticed a greater mummy
   820 | D        | Noticed a mummy priest
   825 | D        | Noticed a death scarab
   826 | D        | Noticed a death scarab
   826 | D        | Noticed a death scarab
   826 | D        | Noticed a death scarab
   827 | D        | Slain by a mummy priest

Skill      XL: |  1  2  3  4  5  6  7  8  9 |
---------------+----------------------------+-----
Stealth        | 12 13 15 17 18 19 21 | 21.3
Dodging        | 4 5 6 7 |  7.2
Spellcasting   | 3 4 5 6 7 |  7.8
Hexes          | 5 7 9 10 11 | 11.1
Short Blades   | 2 3 |  3.1
Armour         | 1 3 4 5 |  5.1
Shields        | 1 3 4 5 |  5.0
Ice Magic      | 1 2 |  2.7
Fighting       | 1 |  1.9

Action                   |  1- 3 |  4- 6 |  7- 9 || total
-------------------------+-------+-------+-------++-------
Melee: Dagger            |     1 |     5 |    27 ||    33
 Cast: Ensorcelled Hiber |       |     5 |       ||     5
Invok: Curse Item        |     4 |       |       ||     4
  Use: Potion            |     1 |     1 |     2 ||     4
       Scroll            |       |       |     5 ||     5
 Stab: Sleeping          |     1 |     5 |     7 ||    13
       Invisible         |       |       |     4 ||     4
Armor: Robe              |       |       |     2 ||     2
Dodge: Dodged            |       |     2 |    25 ||    27
Block: Buckler           |       |       |    14 ||    14
